Map: Ley Lines

Players

Practicing - Winner!

  • Race: Zerg Zerg
  • League: Master
  • Spawn Location: 7:00

ManlyManMeat

  • Race: Zerg Zerg
  • League: Diamond
  • Spawn Location: 1:00

VOD

Have the link to the VOD?

Description

Time

  • Played on: July 3, 2025, 7:44 a.m.
  • Length: 12:41
Show
View Real Time Build Order
Export as new Build Order

Practicing Zerg - Winner!

Build Orders: Hatch First 

Get SALT Encoding   

  12  0:01  Drone  
  13  0:12  Overlord  
  13  0:19  Drone  
  14  0:31  Drone x2  
  16  0:47  Hatchery  
  15  0:54  Drone  
  15  0:55  Drone  
  17  0:57  Drone  
  18  1:11  Spawning Pool  
  18  1:14  Extractor  
  16  1:19  Drone x2  
  18  1:28  Drone  
  19  1:41  Overlord  
  19  2:01  Queen x2  
  21  2:02  Zergling x2  
  21  2:03  Zergling x2  
  21  2:04  Drone  
  26  2:14  Drone  
  26  2:15  Drone  
  28  2:21  Drone  
  29  2:28  Drone  
  30  2:32  Drone  
  30  2:33  Drone  
  32  2:43  Drone x2  
  34  2:53  Overlord  
  33  3:00  Roach Warren  
  33  3:04  Drone x2  
  34  3:09  Evolution Chamber  
  33  3:13  Queen  
  33  3:14  Drone  
  33  3:15  Drone x6, Evolution Chamber  
  41  3:20  Overlord  
  41  3:41  Lair  
  40  3:42  Zerg Missile Weapons Level 1  
  40  3:44  Drone  
  40  3:45  Drone x4  
  45  3:50  Extractor  
  45  3:51  Extractor  
  45  3:52  Extractor  
  42  3:56  Queen  
  42  3:59  Drone  
  42  4:00  Drone  
  46  4:03  Spine Crawler  
  46  4:07  Drone x2  
  47  4:14  Overlord  
  47  4:17  Drone  
  48  4:27  Zerg Ground Armor Level 1  
  48  4:30  Drone  
  48  4:31  Drone  
  50  4:47  Drone x2  
  50  4:48  Roach  
  50  4:49  Glial Reconstitution  
  50  4:52  Overlord  
  54  4:58  Overlord  
  54  5:01  Overlord  
  54  5:15  Roach  
  54  5:16  Roach x2  
  54  5:17  Overlord x2  
  54  5:18  Roach  
  62  5:28  Roach x2  
  63  5:37  Roach x3  
  63  5:38  Roach  
  71  5:43  Zerg Missile Weapons Level 2  
  71  5:44  Roach x2  
  75  5:53  Roach x2  
  77  6:02  Roach x6  
  89  6:08  Roach  
  89  6:10  Overlord  
  87  6:21  Roach  
  87  6:22  Roach  
  89  6:26  Queen  
  89  6:27  Zerg Ground Armor Level 2  
  89  6:28  Overlord x2  
  91  6:34  Roach x4  
  91  6:37  Overlord x2  
  99  6:47  Roach  
  99  6:48  Roach  
  99  6:49  Hatchery  
  98  6:58  Roach  
  98  6:59  Roach x4  
  102  7:06  Ravager x3  
  102  7:07  Roach  
  102  7:08  Roach  
  109  7:14  Drone  
  110  7:23  Roach  
  110  7:28  Roach x4  
  117  7:41  Roach x4  
  113  7:46  Drone  
  113  7:47  Drone  
  103  7:57  Roach  
  103  7:58  Roach x4  
  107  8:03  Drone x2  
  109  8:08  Roach  
  111  8:15  Drone, Infestation Pit  
  111  8:16  Drone x3, Hydralisk Den  
  111  8:18  Ravager x2  
  115  8:20  Roach  
  115  8:21  Roach  
  119  8:36  Drone x4  
  119  8:37  Roach  
  119  8:38  Roach  
  127  8:42  Ravager  
  127  8:43  Ravager  
  127  8:46  Roach x4  
  137  8:48  Overlord  
  137  9:10  Overlord x3  
  137  9:16  Muscular Augments  
  137  9:23  Drone  
  138  9:25  Overlord x4, Hatchery  
  137  9:37  Drone  
  137  9:38  Drone x9  
  145  9:39  Drone  
  145  9:40  Drone x2  
  145  9:42  Extractor  
  145  9:44  Extractor  
  144  9:58  Roach x4  
  144  9:59  Roach x5  
  154  10:14  Roach x6  
  156  10:20  Grooved Spines  
  166  10:25  Roach x7  
  166  10:26  Hatchery  
  179  10:37  Queen  
  179  10:40  Drone x2  
  179  10:41  Drone, Overlord  
  179  10:42  Roach  
  186  10:53  Overlord  
  186  10:54  Overlord  
  184  11:01  Roach x2  
  184  11:02  Roach x5  
  178  11:09  Roach  
  178  11:10  Roach x3  
  170  11:15  Roach  
  170  11:16  Roach x4  
  174  11:25  Roach x4  
  173  11:27  Ravager  
  173  11:28  Ravager x4  
  173  11:29  Ravager x2  
  173  11:31  Roach  
  173  11:32  Roach x2  
  173  11:44  Roach  
  173  11:45  Roach x6  
  175  11:54  Roach x5  
  169  12:18  Roach x3  
  169  12:19  Roach x9  
  193  12:29  Lurker Den  
Show
View Real Time Build Order
Export as new Build Order

ManlyManMeat Zerg 

Build Orders: Hatch First 

Get SALT Encoding   

  12  0:00  Drone  
  13  0:08  Drone  
  14  0:14  Extractor  
  14  0:16  Drone  
  15  0:21  Overlord  
  15  0:41  Drone  
  16  0:47  Hatchery  
  15  0:50  Drone  
  15  0:54  Drone  
  17  0:57  Drone  
  18  1:09  Extractor  
  17  1:13  Spawning Pool  
  17  1:15  Drone  
  17  1:19  Drone  
  18  1:26  Drone  
  19  1:46  Drone  
  20  2:01  Queen  
  20  2:02  Zergling x2, Queen  
  20  2:03  Zergling x4  
  20  2:08  Metabolic Boost  
  27  2:11  Overlord  
  27  2:17  Drone  
  28  2:31  Baneling Nest, Drone  
  28  2:32  Drone x2  
  28  2:33  Drone  
  31  2:45  Drone  
  32  2:58  Drone x2  
  34  2:59  Hatchery  
  33  3:10  Zergling x6  
  36  3:16  Roach Warren  
  35  3:36  Overlord  
  35  3:37  Overlord  
  35  3:38  Drone  
  36  3:43  Evolution Chamber  
  34  4:00  Drone x3  
  34  4:01  Drone  
  34  4:02  Drone x3, Extractor  
  40  4:07  Queen  
  40  4:08  Drone x2  
  44  4:14  Overlord  
  44  4:15  Overlord  
  44  4:19  Drone x3  
  47  4:28  Lair  
  47  4:50  Roach x7  
  47  4:51  Roach  
  63  4:53  Drone  
  63  4:54  Drone  
  65  5:08  Roach x4  
  73  5:26  Overlord  
  73  5:27  Overlord x3  
  73  5:35  Overlord x2  
  73  5:44  Zerg Missile Weapons Level 1  
  73  5:45  Glial Reconstitution  
  75  6:04  Roach x10  
  80  6:20  Zergling x12, Roach x3  
  80  6:21  Zergling x10  
  83  6:34  Evolution Chamber  
  82  6:40  Roach x3  
  75  7:02  Roach x6  
  75  7:03  Zergling x12  
  75  7:08  Drone  
  94  7:09  Extractor  
  94  7:13  Ravager  
  94  7:16  Drone  
  94  7:17  Drone x2  
  94  7:19  Extractor  
  84  7:43  Roach  
  84  7:44  Roach x5  
  84  7:59  Zergling x22  
  95  8:08  Ravager x2  
  95  8:11  Zergling x4  
  99  8:20  Ravager  
  100  8:32  Hatchery  
  100  8:34  Drone x3, Hatchery  
  101  8:42  Zerg Ground Armor Level 1  
  101  8:52  Roach x3  
  101  8:53  Zergling x6  
  101  8:54  Zergling x10  
  115  9:10  Zerg Missile Weapons Level 2  
  115  9:22  Overlord x2  
  115  9:23  Overlord x3  
  115  9:27  Ravager  
  116  9:43  Roach  
  116  9:44  Roach x5  
  109  10:03  Roach  
  109  10:04  Roach x7  
  121  10:15  Roach x3  
  127  10:32  Zergling x10  
  127  10:35  Roach x2  
  132  10:37  Overlord  
  132  10:49  Ravager  
  131  10:50  Ravager  
  131  10:51  Ravager x2  
  127  11:04  Zergling x22  
  123  11:08  Roach x2  
  100  11:28  Roach x5  
  100  11:31  Drone x2  
  101  11:45  Roach x4  
  73  12:07  Roach x6  
  83  12:13  Zergling x2, Roach  
Tags
 
Matchup
ZvZ
Race
Zerg
Replay Pack
Myownreplay2
Spawn Locations
Cross Positions
Add a new tag
Caveats
  • Supply blocks, unpowered buildings, or Contaminate may cause inaccurate times.
  • Supply counts are checked every 10 seconds.